[Event "*** Qualifier 2: Titled Tuesday 3|2 Blitz"]
[Site "Chess.com"]
[Date "2017.04.11"]
[Round "3"]
[White "Aragon"]
[Black "silverback96"]
[Result "1-0"]
[WhiteElo "2136"]
[BlackElo "2062"]
[TimeControl "180+2"]
[EndTime "13:36:42 PDT"]
[Termination "Aragon won by resignation"]

1. e4 c6 2. d4 d5 3. exd5 cxd5 4. c4 Nf6 5. Nc3 g6 6. cxd5 Bg7 7. Bb5+ Nbd7 8. d6 exd6 9. Qe2+ Qe7 10. Bf4 a6 11.
Bxd6 Qxe2+ 12. Bxe2 Nb6 13. Nf3 Be6 14. O-O-O O-O-O 15.
Be5 Rhe8 16. Ng5 Bh6 17. Bxf6 Rd6 18. f4 Bf5 19. Be5 Rd7 20. g4 Be6 21. Nxh7 Red8 22. g5 Bf8 23. Nxf8 Rxf8 24. h4 Bf5 25. Rdg1 Kd8 26.
Bg4 Bxg4 27. Rxg4 Nc4 28. Rg3 b5 29. Ne4 Ke7 30. h5 Rc8 31. Kb1 gxh5 32. Rxh5 Ke6 33. b3 Na3+ 34. Kb2 Rc2+ 35. Kxa3 a5 36. Nc5+ Kd5 37.
Nxd7 b4+ 38. Ka4 Kc6 39. Nb8+ Kb6 40. Rh6+ Kb7 41. Kxa5 Rxa2+ 42. Kxb4 Rc2 43. Rf6 Rc8 44. Rh3 Rd8 45. Rh7 Rd5 46. Rfxf7+ Kc8 47. Rh8+ Rd8 48. Rc7+ 1-0

[Event "*** Qualifier 2: Titled Tuesday 3|2 Blitz"]
[Site "Chess.com"]
[Date "2017.04.11"]
[Round "3"]
[White "dolynachess"]
[Black "Th3ChessViking"]
[Result "0-1"]
[WhiteElo "2321"]
[BlackElo "2282"]
[TimeControl "180+2"]
[EndTime "13:36:43 PDT"]
[Termination "Th3ChessViking won by resignation"]

1. c4 c5 2. g3 g6 3. Bg2 Bg7 4.
Nf3 Nc6 5. O-O d6 6. Nc3 Bf5 7. a3 Qd7 8. Re1 Bh3 9. Bh1 h5 10. Ng5 h4 11. Nxh3 hxg3 12. hxg3 Qxh3 13. Bg2 Qh2+ 14. Kf1 Nf6 15. b4 Ng4 16. e3 f5 17.
bxc5 Bxc3 18. dxc3 O-O-O 19. cxd6 Rxd6 20. Qf3 Rhd8 21. Rb1 Qh8 22. c5 Nh2+ 23. Kg1 Nxf3+ 24. Bxf3 Rd5 25. c4 Rxc5 26. Bb2 e5 27. a4 Rxc4 28. a5 a6 29. Ba1 Qe8 30. Rb6 e4 31. Be2 Rc2 32. Bf1 Rcd2 33. Reb1 R8d7 34. Bxa6 Rd1+ 35.
Kg2 Rxb1 36. Rxc6+ Kb8 0-1

[Event "*** Qualifier 2: Titled Tuesday 3|2 Blitz"]
[Site "Chess.com"]
[Date "2017.04.11"]
[Round "3"]
[White "GeorgMeier"]
[Black "joppie2"]
[Result "1-0"]
[WhiteElo "2714"]
[BlackElo "2548"]
[TimeControl "180+2"]
[EndTime "13:36:47 PDT"]
[Termination "GeorgMeier won by checkmate"]

1. Nf3 d5 2. g3 Nc6 3. d4 Bf5 4.
Bg2 e6 5. O-O Nb4 6. Na3 h6 7. c3 Nc6 8. Qa4 Qd7 9. b4 Bd6 10. b5 Nce7 11. c4 c6 12. bxc6 Nxc6 13. Nb5 Nge7 14. Nxd6+ Qxd6 15. Ba3 Qd7 16. cxd5 exd5 17.
Rfc1 Be6 18. e3 O-O 19. Rc3 Rfc8 20. Rac1 a6 21. Ne5 Nxe5 22. Qxd7 Rxc3 23. Qxe7 Nc6 24. Rxc3 Nxe7 25. Bxe7 b5 26. Rc7 a5 27. Bc5 b4 28.
Bf1 Bf5 29. Bg2 Be6 30. h3 Rb8 31. Ra7 b3 32. axb3 Rxb3 33. g4 Rb1+ 34. Kh2 Ra1 35. Kg3 a4 36. f4 g6 37. f5 gxf5 38. gxf5 Bxf5 39. Bxd5 Bg6 40. Kf4 Kg7 41. h4 h5 42.
Bd6 Rf1+ 43. Kg3 Rg1+ 44. Kf2 Ra1 45. Be5+ Kh6 46. e4 a3 47. Bd6 Bxe4 48. Bxe4 a2 49. Bd5 Rd1 50. Bxa2 Rxd4 51. Bg3 f6 52. Ra5 f5 53.
Kf3 Rd3+ 54. Kf4 Rd4+ 55. Kxf5 Rd1 56. Bf4+ Kg7 57. Be5+ Kh6 58. Ra6+ Kh7 59. Ra7+ Kh6 60. Bf4# 1-0

[Event "*** Qualifier 2: Titled Tuesday 3|2 Blitz"]
[Site "Chess.com"]
[Date "2017.04.11"]
[Round "3"]
[White "hansen"]
[Black "oskariot"]
[Result "0-1"]
[WhiteElo "2657"]
[BlackElo "2412"]
[TimeControl "180+2"]
[EndTime "13:36:47 PDT"]
[Termination "oskariot won by resignation"]

1. Nf3 c5 2. g3 g6 3. Bg2 Bg7 4. O-O Nc6 5. d3 e5 6. c4 Nge7 7. Nc3 d6 8. Ne1 Be6 9. Nc2 d5 10. cxd5 Nxd5 11. Bd2 O-O 12. a3 Nxc3 13. Bxc3 Nd4 14.
e3 Nb3 15. Rb1 Qd7 16. Na1 Nxa1 17. Rxa1 Rab8 18. Qc2 Rfc8 19. f4 exf4 20. gxf4 Bxc3 21. Qxc3 Bh3 22. Rf2 Re8 23. Re1 b6 24. Rf3 Bxg2 25. Kxg2 Rbd8 26. e4 Qg4+ 27. Kf2 Qh4+ 28. Kg2 Rd4 29.
h3 Red8 30. Ree3 c4 31. e5 cxd3 32. Rxd3 Rxd3 33. Rxd3 Rxd3 34. Qxd3 Qxf4 35. Qd8+ Kg7 36. Qd6 h5 37. b4 h4 38. Kg1 Qg3+ 39. Kf1 Qxh3+ 40.
Ke2 Qg4+ 41. Kf2 Qf4+ 42. Kg2 Qg3+ 43. Kh1 h3 44. Qf6+ Kg8 45. Qd8+ Kh7 0-1

[Event "*** Qualifier 2: Titled Tuesday 3|2 Blitz"]
[Site "Chess.com"]
[Date "2017.04.11"]
[Round "3"]
[White "Tolya2"]
[Black "Goala"]
[Result "0-1"]
[WhiteElo "2316"]
[BlackElo "2318"]
[TimeControl "180+2"]
[EndTime "13:36:51 PDT"]
[Termination "Goala won by resignation"]

1. Nf3 Nf6 2. d4 e6 3. c4 c5 4.
Nc3 cxd4 5. Nxd4 a6 6. g3 Qc7 7. Qd3 b6 8. Bg2 Bb7 9. O-O d6 10. b3 Nbd7 11. Bb2 Be7 12. Bxb7 Qxb7 13. Qf3 Qxf3 14.
exf3 Rc8 15. Rfd1 O-O 16. Kg2 Rfd8 17. f4 Nc5 18. Rac1 Bf8 19. h3 Be7 20. g4 Kf8 21.
Kf3 Ke8 22. Nde2 Rb8 23. Nd4 Rdc8 24. Ba1 Rb7 25. Rb1 Nfd7 26. Ke3 Nf6 27. f3 Ncd7 28. Ne4 d5 29. g5 Nxe4 30. fxe4 dxc4 31. bxc4 Rxc4 32. Rdc1 Rbc7 33. Rxc4 Rxc4 34. Kd3 b5 35. Nb3 g6 36. Rc1 Nc5+ 37. Kd2 Nxe4+ 38. Kd3 Nf2+ 39. Ke2 Rxc1 40. Nxc1 Nxh3 41. Be5 Bc5 42. Nd3 Bb6 43. Nb4 a5 44. Nd3 Ng1+ 45. Kf1 Nf3 46. Bd6 Kd7 47. Bf8 b4 48. Ke2 Nd4+ 49. Kd2 Bc7 50. Bg7 Nf5 51. Bf6 Kc6 52. Ke2 Kd5 53. Kf3 Nd4+ 54. Ke3 Nb5 55.
Be5 Bb6+ 56. Kd2 Kc4 57. Bf6 Bc7 58. Be5 a4 59. Bxc7 Nxc7 60. Ne5+ Kd4 61. Nxf7 b3 62.
axb3 axb3 63. Ne5 Ke4 64. Kc3 Kxf4 65. Nf7 e5 66. Kxb3 e4 67. Kc2 Kf3 68. Kd1 Ne6 69.
Ke1 e3 70. Ne5+ Kf4 71. Nd3+ Kxg5 72. Ke2 Nf4+ 73. Kxe3 Nxd3 74. Kxd3 Kg4 0-1

[Event "*** Qualifier 2: Titled Tuesday 3|2 Blitz"]
[Site "Chess.com"]
[Date "2017.04.11"]
[Round "3"]
[White "EvgenyT"]
[Black "wonderfultime"]
[Result "1/2-1/2"]
[WhiteElo "2498"]
[BlackElo "2679"]
[TimeControl "180+2"]
[EndTime "13:36:54 PDT"]
[Termination "Game drawn by repetition"]

1. d4 d5 2. Nf3 Nf6 3. c4 c6 4. Nc3 dxc4 5. a4 Bf5 6. Ne5 Nbd7 7. Nxc4 Nb6 8. Ne5 a5 9. g3 e6 10. Bg2 Bb4 11. O-O h6 12. e3 O-O 13. Qe2 Bh7 14. Rd1 Re8 15. Nd3 Bf8 16. Bd2 Nfd5 17. Be1 Nb4 18.
Ne5 Nc2 19. Rac1 Nxe1 20. Qxe1 Nd5 21. Ne4 Nb4 22. Qe2 Rc8 23. Bf3 Rc7 24. Nc5 Qe7 25.
Kg2 Rd8 26. Nc4 Ra8 27. h4 Qf6 28. Nb3 Qd8 29. h5 Rd7 30. Ne5 Rc7 31. Nc4 Rd7 32. Ne5 Rc7 33. Nc5 Bxc5 34. Rxc5 b6 35. Rc3 Rac8 36.
Nc4 Rb7 37. Ne5 Rbc7 38. Nc4 Rb7 39. Ne5 Rbc7 40. Nc4 1/2-1/2

[Event "*** Qualifier 2: Titled Tuesday 3|2 Blitz"]
[Site "Chess.com"]
[Date "2017.04.11"]
[Round "3"]
[White "StarkAst"]
[Black "nickmatta"]
[Result "1-0"]
[WhiteElo "2344"]
[BlackElo "2299"]
[TimeControl "180+2"]
[EndTime "13:37:00 PDT"]
[Termination "StarkAst won by resignation"]

1. e4 c5 2. Nf3 d6 3. d4 cxd4 4.
Nxd4 Nf6 5. Nc3 a6 6. Be2 e5 7. Nb3 Be6 8. O-O Be7 9. Kh1 Nbd7 10. f4 b5 11. f5 Bc4 12. g4 h6 13. Be3 Rc8 14.
Rg1 b4 15. Nd5 Nxd5 16. exd5 Nf6 17. Bxc4 Rxc4 18. Qd3 Rxg4 19. Qxa6 O-O 20. Qe2 Rh4 21. Qg2 Ng4 22. h3 Bg5 23. Rae1 Qf6 24. Bxg5 Qxg5 25.
Re2 Qxf5 26. Nd2 Rc8 27. Nf3 Rh5 28. Qxg4 Rxh3+ 29. Nh2 Qxg4 30. Rxg4 Rc5 31. Rd2 f5 32. Rxb4 g5 33. Rb3 Rh4 34. Kg2 Rd4 35. Rxd4 exd4 36.
Rb6 Rxd5 37. a4 Kf7 38. Rb5 Re5 39. Rxe5 dxe5 40. a5 Ke6 41. a6 1-0

[Event "*** Qualifier 2: Titled Tuesday 3|2 Blitz"]
[Site "Chess.com"]
[Date "2017.04.11"]
[Round "3"]
[White "FearNoEvil12"]
[Black "chesstatour"]
[Result "0-1"]
[WhiteElo "2077"]
[BlackElo "1936"]
[TimeControl "180+2"]
[EndTime "13:37:10 PDT"]
[Termination "chesstatour won by checkmate"]

1. e4 c6 2. d4 d5 3. Nc3 dxe4 4.
Nxe4 Nf6 5. Ng3 h5 6. Bc4 h4 7. N3e2 h3 8. gxh3 Bxh3 9. Nxh3 Rxh3 10. Be3 Nbd7 11. Nf4 Rh8 12. Qd3 Nb6 13. Bxf7+ Kxf7 14. Qg6+ Kg8 15. O-O-O Qe8 16. Qf5 Qd7 17. Qg6 Qg4 18.
Qd3 Nbd5 19. Rhg1 Qf3 20. Ne6 Qe4 21. Qxe4 Nxe4 22. Rg4 Nxe3 23. fxe3 Nf2 24. Rdg1 Nxg4 25. Rxg4 Rh6 26. Ng5 e6 27. h4 Be7 28. Nf3 Rf8 29.
Ne5 Rxh4 30. Rg1 Rh2 31. Ng4 Rh4 32. Kd2 Bf6 33. Kd3 Kf7 34. c4 Rd8 35. b4 e5 36.
b5 exd4 37. bxc6 bxc6 38. e4 Rh3+ 39. Kd2 Bg5+ 40. Kd1 Be3 41. Rf1+ Kg8 42. Ne5 Rb8 43. Kc2 Rh2+ 44. Kd3 Rd2# 0-1

[Event "*** Qualifier 2: Titled Tuesday 3|2 Blitz"]
[Site "Chess.com"]
[Date "2017.04.11"]
[Round "3"]
[White "pedroholly22"]
[Black "FelixBlohberger"]
[Result "1/2-1/2"]
[WhiteElo "2284"]
[BlackElo "2224"]
[TimeControl "180+2"]
[EndTime "13:37:15 PDT"]
[Termination "Game drawn by stalemate"]

1. d4 Nf6 2. c4 e6 3. Nf3 Bb4+ 4.
Bd2 a5 5. g3 b6 6. Bg2 Bb7 7.
O-O O-O 8. Nc3 d6 9. Qc2 Nbd7 10. a3 Bxc3 11. Bxc3 Qe7 12. Rae1 e5 13. e4 a4 14. Nh4 exd4 15. Bxd4 Rfe8 16. f3 Qf8 17. Qd2 Ne5 18.
Qc3 Ra5 19. Nf5 c5 20. Bxe5 Rxe5 21. Rd1 Re6 22. Bh3 Ra8 23. Qe3 Rd8 24. Qg5 Kh8 25. Rd2 h6 26. Qf4 g5 27. Qe3 Ne8 28. Rfd1 Rg6 29.
e5 d5 30. cxd5 Ng7 31. Nxg7 Qxg7 32. d6 h5 33. d7 g4 34. fxg4 hxg4 35. Bg2 Bxg2 36.
Kxg2 Re6 37. Rd5 Re7 38. Qe4 Kg8 39. Qf5 Qg6 40. Qxg6+ fxg6 41. Kf2 Kf7 42. Ke3 Ke6 43. Ke4 Kf7 44. Rd6 b5 45. Rf1+ Kg7 46. e6 b4 47.
Ke5 bxa3 48. bxa3 c4 49. Rd4 c3 50. Rc1 g5 51. Rxc3 Kg6 52. Rd2 Kh5 53. Kd6 Rg7 54. e7 Ra8 55. d8=Q Ra6+ 56. Ke5 Rd6 57. Rxd6 Rxe7+ 58.
Qxe7 1/2-1/2

[Event "*** Qualifier 2: Titled Tuesday 3|2 Blitz"]
[Site "Chess.com"]
[Date "2017.04.11"]
[Round "3"]
[White "jeaston1"]
[Black "rpragchess"]
[Result "0-1"]
[WhiteElo "2096"]
[BlackElo "2167"]
[TimeControl "180+2"]
[EndTime "13:37:15 PDT"]
[Termination "rpragchess won by resignation"]

1. d4 Nf6 2. c4 g6 3. Nc3 d5 4. cxd5 Nxd5 5. e4 Nxc3 6. bxc3 Bg7 7. Nf3 c5 8. Be3 Qa5 9. Qd2 O-O 10. Rc1 Bg4 11. d5 e6 12. c4 Qxd2+ 13. Nxd2 exd5 14. cxd5 b6 15. f3 Bc8 16. Nc4 Nd7 17.
Nd6 f5 18. Bb5 Ne5 19. O-O Bd7 20. Bxd7 Nxd7 21. Bg5 fxe4 22. fxe4 Bd4+ 23. Kh1 Ne5 24. Be7 Rxf1+ 25. Rxf1 Nd3 26. g3 a6 27. Nc4 b5 28.
Nb6 Rb8 29. d6 Rxb6 30. d7 Rb8 31. d8=Q+ Rxd8 32. Bxd8 c4 33. Kg2 c3 34. Kf3 c2 35.
Bg5 Bb2 36. Ke2 c1=Q 37. Bxc1 Nxc1+ 38. Kd2 Nxa2 39. Kc2 Be5 40. Kb3 Nc3 41. Rc1 Nxe4 42. Rc6 Kf7 43. Kc2 a5 44. Kd3 Nd6 45. Rc5 Ke6 46.
Rc6 a4 47. Rc7 h5 48. Ra7 Kf5 49. Ra5 g5 50. Ra6 g4 51. Ke3 a3 52. Kd3 b4 53.
Kc2 Ne4 54. Kb3 Nc5+ 0-1

[Event "*** Qualifier 2: Titled Tuesday 3|2 Blitz"]
[Site "Chess.com"]
[Date "2017.04.11"]
[Round "3"]
[White "Blitzstream"]
[Black "donotreadit"]
[Result "0-1"]
[WhiteElo "2477"]
[BlackElo "2520"]
[TimeControl "180+2"]
[EndTime "13:37:16 PDT"]
[Termination "donotreadit won by checkmate"]

1. d4 d6 2. e4 Nf6 3. Nc3 g6 4.
Bg5 Bg7 5. Qd2 c6 6. Bd3 b5 7. f3 Qa5 8. Nge2 Nbd7 9. O-O O-O 10. Nd5 Qd8 11. Nxf6+ Nxf6 12. a4 Qb6 13. axb5 cxb5 14. Be3 Bd7 15. Qa5 Qb7 16. Qa6 Rfb8 17. Ra5 Ne8 18. Qxb7 Rxb7 19. Rfa1 Nc7 20. c3 a6 21. d5 e5 22. b3 f5 23. Kf1 fxe4 24. fxe4 Bf6 25. Ke1 Bd8 26. Kd2 Bc8 27. R5a2 Rbb8 28. c4 bxc4 29. bxc4 Ne8 30. c5 dxc5 31. Bxc5 a5 32.
Bc4 Bd7 33. Nc1 Rc8 34. Nd3 Nf6 35. Re1 Kg7 36. Rc2 a4 37. Bb4 Rab8 38. Kc3 Ng4 39.
Nxe5 Nxe5 40. Kd4 Rxb4 41. Kxe5 Rcxc4 42. Rxc4 Rxc4 43. Kd6 Bc8 44. e5 Kf8 45. Rf1+ Ke8 46. Rb1 Bc7# 0-1

[Event "*** Qualifier 2: Titled Tuesday 3|2 Blitz"]
[Site "Chess.com"]
[Date "2017.04.11"]
[Round "3"]
[White "Rodalquilar"]
[Black "3f32"]
[Result "0-1"]
[WhiteElo "2520"]
[BlackElo "2402"]
[TimeControl "180+2"]
[EndTime "13:37:21 PDT"]
[Termination "3f32 won by resignation"]

1. d4 Nf6 2. Bf4 e6 3. e3 c5 4. c3 Nc6 5. Nd2 d5 6. Ngf3 Bd6 7. Bg3 cxd4 8. exd4 Nh5 9. Bxd6 Qxd6 10.
Bb5 O-O 11. Bxc6 bxc6 12. Ne5 Nf4 13. Qf3 Ng6 14. Nd3 e5 15. Qg3 Bf5 16. Nxe5 Rae8 17.
O-O Nxe5 18. dxe5 Qxe5 19. Qxe5 Rxe5 20. Rfe1 Rfe8 21. Nf3 Rxe1+ 22. Rxe1 Rxe1+ 23. Nxe1 f6 24. Kf1 Kf7 25. Ke2 Ke6 26. b4 Kd6 27. Ke3 c5 28. Nf3 Be4 29. Ne1 g5 30. a4 a6 31. Nd3 Bxd3 32.
Kxd3 f5 33. Ke3 h5 34. h4 gxh4 35. Kf4 cxb4 36. cxb4 d4 37. Kf3 Kd5 38. Ke2 Kc4 39. b5 axb5 40. a5 Kc5 41. Kd3 f4 42. Ke4 f3 43. Kxf3 b4 44. Ke4 b3 45. Kd3 Kb5 46.
Kxd4 b2 47. Kc3 b1=Q 0-1

[Event "*** Qualifier 2: Titled Tuesday 3|2 Blitz"]
[Site "Chess.com"]
[Date "2017.04.11"]
[Round "3"]
[White "brauliocuarta"]
[Black "abubakrtagelsir"]
[Result "1-0"]
[WhiteElo "2045"]
[BlackElo "2146"]
[TimeControl "180+2"]
[EndTime "13:37:22 PDT"]
[Termination "brauliocuarta won on time"]

1. d4 d5 2. c4 c6 3. Nf3 Nf6 4.
Nc3 dxc4 5. a4 Bf5 6. e3 e6 7.
Bxc4 Bb4 8. O-O O-O 9. Qe2 Nbd7 10. e4 Bg6 11. Bd3 Bh5 12. e5 Nd5 13. Nxd5 cxd5 14. Qe3 Bg6 15. Bxg6 fxg6 16. Ng5 Re8 17. Qh3 Nf8 18. Qb3 a5 19. Be3 Rc8 20. Rfc1 Rc6 21. Rxc6 bxc6 22. Rc1 Qd7 23. Nf3 Rc8 24. Qc2 c5 25.
dxc5 h6 26. c6 Qf7 27. Nd4 g5 28. Qd3 Qc7 29. Qa6 Re8 30. Nb5 Qxe5 31. Bd4 Qf4 32. Rf1 Bd6 33. g3 Qf7 34. Nxd6 Qc7 35. Nxe8 1-0

[Event "*** Qualifier 2: Titled Tuesday 3|2 Blitz"]
[Site "Chess.com"]
[Date "2017.04.11"]
[Round "3"]
[White "jefferyx"]
[Black "DanielNaroditsky"]
[Result "1/2-1/2"]
[WhiteElo "2617"]
[BlackElo "2781"]
[TimeControl "180+2"]
[EndTime "13:37:31 PDT"]
[Termination "Game drawn by agreement"]

1. e4 e5 2. Nf3 Nc6 3. Bc4 Bc5 4. c3 Nf6 5. d3 d6 6. O-O a6 7. h3 Ba7 8. Re1 h6 9. Nbd2 g5 10. b4 Ne7 11. d4 Ng6 12. Nf1 g4 13. hxg4 Nxg4 14.
N3h2 h5 15. Qf3 Qe7 16. Ne3 exd4 17. Nd5 Qh4 18. Bf4 N6e5 19. Qg3 Qxg3 20. Bxg3 Kd7 21. Nxg4 Nxg4 22. cxd4 Bxd4 23. Rad1 h4 24. Bxh4 Be5 25.
g3 Rb8 26. f4 Bg7 27. Be2 Nh6 28. Bf1 c6 29. Nb6+ Kc7 30. Nc4 Bg4 31. Be2 d5 32.
exd5 cxd5 33. Rxd5 Rbe8 34. Ne5 Bxe5 35. fxe5 Be6 36.
Rd3 Nf5 37. Bf6 Rhg8 38. Kf2 Kb8 39. g4 Nh6 40. g5 Ng4+ 41. Bxg4 Bxg4 42. Rc1 Rc8 43.
Rxc8+ Rxc8 44. Be7 Be6 45. a4 Rc4 46. a5 Kc7 47.
Bc5 Rc2+ 48. Kg3 Re2 49. Kf4 Rg2 50. Rd6 Kc8 51. Bb6 Bd7 52. Rh6 Be6 53. g6 Rxg6 54. Rxg6 fxg6 55. Kg5 Kd7 56. Kxg6 Bh3 1/2-1/2

[Event "*** Qualifier 2: Titled Tuesday 3|2 Blitz"]
[Site "Chess.com"]
[Date "2017.04.11"]
[Round "3"]
[White "ShimanovAlex"]
[Black "RobertoJBM"]
[Result "1/2-1/2"]
[WhiteElo "2616"]
[BlackElo "2432"]
[TimeControl "180+2"]
[EndTime "13:37:45 PDT"]
[Termination "Game drawn by agreement"]

1. d4 d5 2. Bf4 e6 3. e3 Bd6 4.
Bg3 Bxg3 5. hxg3 Qd6 6. Nc3 Nd7 7. Nf3 Ngf6 8. Bd3 a6 9. Ne2 e5 10. dxe5 Nxe5 11. Nxe5 Qxe5 12. c3 c6 13. Qa4 Bg4 14. Qf4 Qxf4 15. gxf4 Bxe2 16. Kxe2 Ke7 17. g4 h6 18. g5 hxg5 19. fxg5 Nd7 20. f4 Nc5 21. Bc2 Rae8 22. Kf3 Kd6 23. Rad1 Kc7 24. b4 Ne6 25. e4 dxe4+ 26. Bxe4 g6 27. Bc2 Ng7 28. Bb3 Ne6 29.
Kg4 Rxh1 30. Rxh1 Re7 31. f5 gxf5+ 32. Kxf5 Nd8 33. Rh3 Rd7 34. Rh7 b5 35. a3 c5 36.
bxc5 Kc6 37. Kf4 a5 38. a4 b4 39. cxb4 axb4 40. a5 Kxc5 41. g6 Rd4+ 42. Ke5 Nc6+ 43. Kf6 fxg6 44. a6 Rd6+ 45. Kg5 Kb6 46. Bc4 Rd8 47.
Rb7+ Kc5 48. Bf1 Ra8 49. Kxg6 Ra7 50. Kf6 Rxb7 51. axb7 b3 52. Bd3 Kb6 53. Ke6 Kxb7 54. Kd5 Kb6 1/2-1/2

[Event "*** Qualifier 2: Titled Tuesday 3|2 Blitz"]
[Site "Chess.com"]
[Date "2017.04.11"]
[Round "3"]
[White "TomsKantans"]
[Black "iturrizaga"]
[Result "1-0"]
[WhiteElo "2468"]
[BlackElo "2642"]
[TimeControl "180+2"]
[EndTime "13:37:47 PDT"]
[Termination "TomsKantans won on time"]

1. e4 c5 2. Nf3 g6 3. d4 cxd4 4.
Qxd4 Nf6 5. e5 Nc6 6. Qa4 Nd5 7. Qe4 Nb6 8. Nc3 Bg7 9. Bf4 d5 10.
exd6 Bf5 11. dxe7 Bxc3+ 12. bxc3 Bxe4 13. exd8=Q+ Rxd8 14. Bh6 Bxf3 15. gxf3 Kd7 16. O-O-O+ Kc8 17. Rxd8+ Rxd8 18. h4 Rd5 19. Bd3 Ra5 20. Kb1 Ne5 21. h5 Na4 22. hxg6 Nxc3+ 23. Kb2 Na4+ 24. Kb1 Nxd3 25. cxd3 hxg6 26. Bg7 Rf5 27. Rh4 Nc5 28. Rc4 Kd7 29. Bd4 Nxd3 30. Bxa7 Rxf3 31. Bb6 Nxf2 32. Rc7+ Kd6 33. Rxb7 Kc6 34. Rb8 Ne4 35. Kc2 Rc3+ 36. Kb2 Rd3 37. a4 Nd6 38. Bg1 Rg3 39. Bd4 Nc4+ 40.
Kc2 Kd5 41. Bc3 f5 42. a5 Ne3+ 43. Kb3 Kc6 44. Rb6+ Kc7 45. Be5+ 1-0

[Event "*** Qualifier 2: Titled Tuesday 3|2 Blitz"]
[Site "Chess.com"]
[Date "2017.04.11"]
[Round "3"]
[White "MartinMatthiesen"]
[Black "MasterLeif"]
[Result "1/2-1/2"]
[WhiteElo "2253"]
[BlackElo "2311"]
[TimeControl "180+2"]
[EndTime "13:37:48 PDT"]
[Termination "Game drawn - insufficient material"]

1. d4 d5 2. c4 e5 3. dxe5 d4 4. Nf3 Nc6 5. a3 Nge7 6. Nbd2 Ng6 7. Nb3 Ngxe5 8. Nbxd4 Nxf3+ 9. Nxf3 Qxd1+ 10. Kxd1 Be6 11. e3 O-O-O+ 12. Kc2 Bf5+ 13. Kb3 Rd1 14. Rg1 Be7 15. Be2 Rxg1 16. Nxg1 Rd8 17. Nf3 Bf6 18. Bd2 g5 19. Bc3 Bxc3 20. Kxc3 h6 21. Rd1 Rxd1 22. Bxd1 Be4 23. h4 f6 24. hxg5 fxg5 25. g3 Kd7 26.
Nd4 Ne5 27. f4 Nf7 28. Bf3 Nd6 29. Bg4+ Ke7 30. c5 Ne8 31. Nf5+ Bxf5 32. Bxf5 Kf6 33. Bc8 b6 34. Kd4 bxc5+ 35. Kxc5 Nd6 36. Bd7 Ne4+ 37. Kc6 Nxg3 38. Kxc7 gxf4 39. exf4 h5 40. b4 h4 41. a4 Nf5 42. b5 h3 43. a5 h2 44. Bc6 Nd4 45.
Bh1 Nxb5+ 46. Kb7 Nd4 47. Kxa7 Nb3 48. a6 Nc5 49. Kb6 Nxa6 50. Kxa6 Kf5 51. Kb6 Kxf4 52.
Kc5 Ke3 53. Kd5 Kf2 54. Be4 h1=Q 55. Bxh1 1/2-1/2

[Event "*** Qualifier 2: Titled Tuesday 3|2 Blitz"]
[Site "Chess.com"]
[Date "2017.04.11"]
[Round "3"]
[White "Generalas"]
[Black "macko06"]
[Result "0-1"]
[WhiteElo "2215"]
[BlackElo "2343"]
[TimeControl "180+2"]
[EndTime "13:37:50 PDT"]
[Termination "macko06 won by resignation"]

1. Nf3 Nf6 2. g3 b5 3. Bg2 Bb7 4.
O-O e6 5. c3 c5 6. d4 Nc6 7.
Qd3 a6 8. a4 b4 9. Bg5 h6 10.
Bxf6 Qxf6 11. e4 d6 12. Nbd2 Qd8 13. d5 Ne5 14. Nxe5 dxe5 15. Nc4 exd5 16. exd5 Bd6 17. f4 exf4 18. Rae1+ Kf8 19. Nxd6 Qxd6 20. Rxf4 Rd8 21. c4 g6 22. Qf1 Rd7 23. Re6 Qb8 24. Rxg6 Qe8 25.
Rgf6 Rh7 26. h4 Qe3+ 27. Kh2 Rg7 28. Rf3 Qd2 29. b3 Re7 30. Rf2 Qc3 31. R6f3 Qe5 32. Qd3 Re8 33. Rf5 Qe3 34. Qxe3 Rxe3 35. R5f3 Rxf3 36.
Rxf3 Bc8 37. Rf6 Rg6 38. Rf4 Rg4 39. Bh3 Rxf4 40. gxf4 f5 41. Kg3 a5 42. Bf1 Bd7 43. Be2 Kg7 44. Bh5 Kf6 45. Kf3 Bxa4 46. bxa4 b3 47. d6 b2 48. d7 Ke7 0-1

[Event "*** Qualifier 2: Titled Tuesday 3|2 Blitz"]
[Site "Chess.com"]
[Date "2017.04.11"]
[Round "3"]
[White "luisgui16"]
[Black "Outsmiter"]
[Result "1-0"]
[WhiteElo "2113"]
[BlackElo "2109"]
[TimeControl "180+2"]
[EndTime "13:37:52 PDT"]
[Termination "luisgui16 won by checkmate"]

1. e4 d6 2. d4 Nf6 3. Nc3 g6 4.
f4 Bg7 5. Nf3 O-O 6. e5 Nfd7 7.
Bc4 Nb6 8. Bb3 Nc6 9. O-O Na5 10.
Be3 Bg4 11. h3 Bxf3 12. Qxf3 c6 13. Ne4 Nbc4 14. Bc1 d5 15. Nc5 b6 16. Nd3 e6 17. c3 Nxb3 18. axb3 Na5 19. Qd1 f6 20. b4 Nb7 21. Be3 f5 22. Qe1 a5 23. g4 Rf7 24. Kh2 Bf8 25. bxa5 Rxa5 26. b4 Ra8 27. Qd2 Qb8 28. Qb2 Nd8 29. b5 Rfa7 30. Rxa7 Qxa7 31. bxc6 Nxc6 32. Rb1 Qa2 33. Kg2 Ra6 34. Kf3 Qxb2 35. Rxb2 Na5 36. Nb4 Nc4 37. Nxa6 Nxb2 38. Ke2 Nc4 39.
Kd3 Kf7 40. Bc1 Ke8 41. Kc2 Kd7 42. Kb3 Kc6 43. Nb8+ Kc7 44. Na6+ Kb7 45. Nb4 Bh6 46. Nd3 Kc6 47. Ba3 Kb5 48. Be7 Na5+ 49. Kc2 Ka4 50. Bd8 Nc4 51. Be7 b5 52. Bb4 Na3+ 53. Kb2 Nc4+ 54.
Ka2 fxg4 55. Nc5# 1-0

[Event "*** Qualifier 2: Titled Tuesday 3|2 Blitz"]
[Site "Chess.com"]
[Date "2017.04.11"]
[Round "3"]
[White "gmcorrales"]
[Black "FancyPlaySyndrome"]
[Result "1-0"]
[WhiteElo "2620"]
[BlackElo "2393"]
[TimeControl "180+2"]
[EndTime "13:37:56 PDT"]
[Termination "gmcorrales won by resignation"]

1. e4 c5 2. Nf3 d6 3. d4 cxd4 4. Nxd4 Nf6 5. Nc3 a6 6. Be3 e5 7. Nb3 Be7 8. Be2 Be6 9. O-O Nc6 10. Nd5 O-O 11. Nxf6+ Bxf6 12. c4 a5 13. a4 Nb4 14.
Nc1 Qc7 15. b3 g6 16. Nd3 Nc6 17. Bg4 Rae8 18. Rc1 Bg7 19. Bxe6 Rxe6 20. c5 dxc5 21. Nxc5 Rd6 22. Qe2 Rfd8 23. Qb5 Rb8 24. h3 h6 25. Rc4 f5 26. Rc3 f4 27. Bc1 Kh7 28. Nd3 Qd8 29. Ba3 Rd7 30. Bc5 f3 31. g3 Nd4 32.
Bxd4 Rxd4 33. Rfc1 Qd6 34. Ne1 Rd1 35. Rxd1 Qxd1 36.
Re3 h5 37. Qd3 Qa1 38. Qc3 Qd1 39. Rxf3 Rd8 40. Kg2 Rd4 41. Rf7 Rd7 42. Rxd7 Qxd7 43. Nf3 Qd8 44. h4 Bf6 45. Qc4 Kg7 46. Qe6 Qc7 47.
Ng5 Bxg5 48. hxg5 Kh7 49. Qf6 Qc2 50. Qf7+ Kh8 51. Qf8+ Kh7 52. Qh6+ Kg8 53. Qxg6+ Kh8 54. Qf6+ Kg8 55. Qe6+ Kh8 56. Qxe5+ Kg8 57. Qd5+ Kg7 58. Qxb7+ 1-0

[Event "*** Qualifier 2: Titled Tuesday 3|2 Blitz"]
[Site "Chess.com"]
[Date "2017.04.11"]
[Round "3"]
[White "evgenysharapov"]
[Black "PowerThinking2650"]
[Result "1-0"]
[WhiteElo "2286"]
[BlackElo "2220"]
[TimeControl "180+2"]
[EndTime "13:37:56 PDT"]
[Termination "evgenysharapov won by resignation"]

1. e4 e5 2. Nf3 Nc6 3. Bb5 a6 4. Ba4 Nf6 5. O-O Be7 6. Re1 b5 7. Bb3 d6 8. c3 O-O 9. h3 Bb7 10. d4 Re8 11. Nbd2 Bf8 12. a3 h6 13. Bc2 Nb8 14. Qe2 Nbd7 15. dxe5 dxe5 16. Nf1 c5 17. Ng3 g6 18. Nh2 c4 19. Ng4 Nxg4 20. hxg4 Nc5 21.
Be3 Qh4 22. Rad1 Rad8 23. Rxd8 Rxd8 24. Rd1 Rxd1+ 25. Qxd1 Bc8 26. Qd5 Qe7 27. f3 Bb7 28. Qd2 Kh7 29. Nf1 Ne6 30. g3 Qc7 31. Kg2 Bc5 32. Bxc5 Nxc5 33. Ne3 a5 34. Kf2 a4 35.
Kg2 Kg7 36. Kf2 Bc6 37. Ke2 Qd7 38. Qxd7 Nxd7 39. f4 Nc5 40. Nd5 Bxd5 41. exd5 exf4 42. gxf4 Kf6 43. Ke3 Ke7 44. Kd4 Kd6 45. f5 gxf5 46. Bxf5 f6 47. Bc2 Nd7 48. Bf5 Ne5 49.
Ke4 Nf7 50. Be6 Ng5+ 51. Kf5 Nf3 52. Kxf6 Ne1 53. Kg6 Nd3 54. Kxh6 Nxb2 55. g5 Nd3 56. g6 1-0

[Event "*** Qualifier 2: Titled Tuesday 3|2 Blitz"]
[Site "Chess.com"]
[Date "2017.04.11"]
[Round "3"]
[White "aRk_iN"]
[Black "rst2003"]
[Result "0-1"]
[WhiteElo "2144"]
[BlackElo "2105"]
[TimeControl "180+2"]
[EndTime "13:37:59 PDT"]
[Termination "rst2003 won by resignation"]

1. e4 c5 2. Nf3 d6 3. d4 cxd4 4.
Nxd4 Nf6 5. Nc3 g6 6. Be3 Bg7 7. f3 Nc6 8. Qd2 O-O 9. Bc4 Bd7 10. O-O Rc8 11. Be2 Ne5 12. b3 a6 13. Nd5 Nxd5 14.
exd5 b5 15. h3 f5 16. f4 Nf7 17. Rad1 Qc7 18. Bf3 Rfe8 19. Rf2 Qc3 20. Nc6 Qxd2 21. Rfxd2 e5 22. dxe6 Rxe6 23. Na7 Rxe3 24. Nxc8 Bxc8 25. Bd5 Bf8 26. Kf2 Re8 27. Re2 Rxe2+ 28. Kxe2 Kg7 29.
Kd3 Nd8 30. Re1 Bd7 31. c4 Nc6 32. a3 Na5 33. Kc2 bxc4 34. bxc4 Kf6 35. Rb1 Bc6 36. Bxc6 Nxc6 37. Rb6 Nd4+ 38. Kd3 Ne6 39. g3 Nc5+ 40.
Ke3 Ke6 41. g4 Bg7 42. g5 Bf8 43. h4 Be7 44. Rb8 Kf7 45. Rh8 Kg7 46. Re8 Kf7 47. Rh8 Bf8 48. Kd4 Bg7+ 49. Kd5 Bxh8 50. Kxd6 Ne4+ 51.
Kd5 Bb2 52. c5 Bxa3 53. c6 Bd6 54. Kc4 Bc7 55. Kb4 a5+ 56. Kb5 Ke6 57. Ka6 Kd6 58.
Kb7 a4 0-1